 Dungeon Crawl Stone Soup version 0.30-a0-760-g5a9884bb7c (webtiles) character file.

Game seed: 16861609878010684176

148 demibob the Ruffian (level 5, 0/45 HPs)
             Began as a Ghoul Monk on Feb 11, 2023.
             Slain by a goblin
             ... wielding a +1 dagger of venom
             ... led by Robin
              (3 damage)
             ... on level 3 of the Dungeon.
             The game lasted 00:04:10 (1954 turns).

demibob the Ruffian (Ghoul Monk)                    Turns: 1954, Time: 00:04:11

Health: 0/45       AC:  2    Str: 14 (15) XL:     5   Next: 30%
Magic:  4/4        EV: 12    Int:  2 (5)  God:
Gold:   108        SH:  0    Dex: 12 (13) Spells: 4/4 levels left

rFire   . . .      SeeInvis .      - Unarmed
rCold   + . .      Faith    .    (no shield)
rNeg    + + +      Spirit   .    a - +0 robe
rPois   ∞          Reflect  .    (no helmet)
rElec   .          Harm     .    (no cloak)
rCorr   .          Rampage  .    (no gloves)
Will    .....                    (no boots)
Stlth   ++                       (no amulet)
HPRegen 0.00/turn                (no ring)
MPRegen 0.09/turn                (no ring)

@: inhibited regen
A: claws 1, cold resistance 1, negative energy resistance 3, inhibited
regeneration, torment resistance 2, devour on kill
a: no special abilities


You were on level 3 of the Dungeon.
You visited 1 branch of the dungeon, and saw 3 of its levels.

You collected 108 gold pieces.


Innate Abilities, Weirdness & Mutations

You are immune to poison.
You have sharp fingernails.
Your flesh is cold resistant. (rC+)
You are immune to negative energy. (rN+++)
You do not regenerate when monsters are visible.
You are immune to unholy pain and torment.
You thrive by killing the living.


   Skills:
 - Level 3.2 Fighting
 - Level 2.6 Dodging
 - Level 2.1 Stealth
 + Level 6.4 Unarmed Combat


You had 4 spell levels left.
You didn't know any spells.
Your spell library contained the following spells:

 Spells                   Type           Power      Damage    Failure   Level
 Hailstorm                Conj/Ice       0%         3d3       89%         3
 Simulacrum               Ice/Necr       0%         N/A       100%        6
 Ice Form                 Ice/Tmut       Unusable   N/A       N/A         4

Inventory:

Armour
 a - a +0 robe (worn)
Scrolls
 c - a scroll of identify {@r1}
 d - a scroll of fear
 f - a scroll of summoning {unknown}
 l - a scroll of fog
Potions
 b - 2 potions of ambrosia
 e - 2 potions of flight
 h - a potion of attraction

Dungeon Overview and Level Annotations

Branches:
Dungeon (3/15)

Altars:
Vehumet

Shops:
D:1 (   D:3 [

Annotations:
D:3 Robin

.............###.....#
...# #...............#
...###...............####.
.....##.......##...#......
...#.............∩........
....##...........g.......$
.....#...........gg.....g.
..........##P..g#ggg......
#.........†....)@#........
#.........P....)P#...g....
..........#......#......g.
#.........P...!..#...#.###
..........P..P...#.....#
#....."....P...P.......#
#.........#P####.P.$...#
.#### #.... ..... ..


You could see Robin, 2 hobgoblins and 4 goblins.


Message History

You scratch the goblin.
You kill the goblin!
You feel better. Robin closely misses you.
It was a potion of degeneration.
There was something very wrong with that liquid.
You feel weakened.
You feel dopey.
You feel clumsy. The goblin misses you. Robin throws the goblin at you!
You scratch the goblin.
The goblin is heavily wounded.
The goblin hits you with a +0 club.
* * * LOW HITPOINT WARNING * * *
The goblin misses you.
Robin hits you from afar with a +0 spear.
* * * LOW HITPOINT WARNING * * *
You closely miss the goblin. The goblin barely misses you.
Robin throws the goblin at you!
* * * LOW HITPOINT WARNING * * *
You closely miss the goblin.
The goblin no longer looks unusually strong.
The goblin closely misses you. x2
The goblin hits you with a +1 dagger of venom.
* * * LOW HITPOINT WARNING * * *
Robin roars a battlecry!
The goblins go into a battle-frenzy!
You scratch the goblin.
You kill the goblin!
Robin hits you from afar with a +0 spear.
* * * LOW HITPOINT WARNING * * *
The goblin hits you with a +1 dagger of venom.
You die...

Skill      XL: |  1  2  3  4 |
---------------+-------------+-----
Unarmed Combat | 5 6 |  6.4
Fighting       | |  3.2
Dodging        | |  2.6
Stealth        | |  2.1

Action                     |  1- 3 |  4- 6 || total
---------------------------+-------+-------++-------
  Melee: Unarmed           |    60 |   116 ||   176
         Punch             |     1 |     2 ||     3
    Use: Scroll            |       |     8 ||     8
         Potion            |       |     1 ||     1
   Stab: Sleeping          |     3 |     3 ||     6
 Armour: Robe              |     4 |    23 ||    27
  Dodge: Dodged            |    24 |    82 ||   106

Levels and vault maps discovered:
D:1:      co_arrival_hexagon_in_a_hexagon, layout_basic, serial_shops,
          nicolae_shop_bloodbath_and_beyond, chequers_serial_rivers_micro_b,
          serial_park_tiny_2
D:2:      layout_basic, basic_altar, nicolae_figureground_sparkle, uniq_terence
D:3:      cheibrodos_old_hovel, layout_rooms,
          hellmonk_ecumenical_altar_crossroads, serial_shops, shop,
          wad_floor_pattern_untrapped, uniq_robin, uniq_natasha,
          uniq_crazy_yiuf_cottage

Notes
Turn   | Place    | Note
-------+----------+-------------------------------------------
     0 | D:1      | demibob the Ghoul Monk began the quest for the Orb.
     0 | D:1      | Reached XP level 1. HP: 19/19 MP: 0/0
    34 | D:1      | Found Wyxkevaxt's Weapon Shop.
   131 | D:1      | Reached XP level 2. HP: 26/26 MP: 1/1
   215 | D:1      | Reached skill level 4 in Unarmed Combat
   912 | D:2      | Found a radiant altar of Vehumet.
   914 | D:2      | Noticed Terence
   928 | D:2      | Killed Terence
   929 | D:2      | Reached skill level 5 in Unarmed Combat
   929 | D:2      | Reached XP level 3. HP: 5/31 MP: 2/2
  1075 | D:2      | Reached XP level 4. HP: 38/38 MP: 3/3
  1782 | D:3      | Reached skill level 6 in Unarmed Combat
  1782 | D:3      | Reached XP level 5. HP: 34/45 MP: 4/4
  1923 | D:3      | Found Aroiput's Armour Shop.
  1931 | D:3      | Noticed Robin
  1954 | D:3      | HP: 3/45 [Robin/+0 spear (3)]
  1954 | D:3      | Slain by a goblin

Vanquished Creatures
  Terence (D:2)
  An orc wizard (D:3)
  3 adders
  3 orcs (D:3)
  6 bats
  6 endoplasms
  3 giant cockroaches
  11 goblins
  9 hobgoblins
  6 jackals (D:2)
  5 kobolds
  A ball python (D:3)
  2 frilled lizards (D:2)
  5 rats
62 creatures vanquished.

Vanquished Creatures (others)
  A plant (D:3)
1 creature vanquished.

Grand Total: 63 creatures vanquished

Table legend: (Time is in decaauts)
 A = Elapsed time spent in this place.
 B = Non-inter-level travel time spent in this place.
 C = Inter-level travel time spent in this place.
 D = Time resting spent in this place.
 E = Time spent auto-exploring this place.
 F = Levels seen in this place.
 G = Mean time per level.
                   A        B        C        D        E       F      G
               +--------+--------+--------+--------+--------+-----+--------+
         Total |   1938 |   1907 |     31 |    134 |   1360 |   3 |  646.0 |
       Dungeon |   1938 |   1907 |     31 |    134 |   1360 |   3 |  646.0 |
               +--------+--------+--------+--------+--------+-----+--------+

Top non-repeatable levels by time:
     D:1: 871 daAuts
     D:2: 853 daAuts
     D:3: 214 daAuts

Table legend:
 A = Non-vault XP
 B = Vault XP
 C = Vault XP percentage of total XP
 D = Non-vault monster count
 E = Vault monster count
 F = Vault count percentage of total count
                 A         B        C        D         E       F
            +---------+---------+-------+---------+---------+-------
      Total |     164 |      50 |  23.4 |      54 |       8 |  12.9
            +---------+---------+-------+---------+---------+-------
        D:1 |      28 |       0 |   0.0 |      15 |       0 |   0.0
        D:2 |      73 |      38 |  34.2 |      29 |       1 |   3.3
        D:3 |      63 |      12 |  16.0 |      10 |       7 |  41.2
            +---------+---------+-------+---------+---------+-------
